 Dungeon Crawl Stone Soup version 0.26-a0-958-gf3041fb45f (webtiles) character file.

Game seed: 4750701004708966776

91 robertstho the Shield-Bearer (level 4, -3/29 HPs)
             Began as a Gargoyle Fighter on Nov 30, 2020.
             Killed by divine providence
             ... invoked by an orc priest
              (12 damage)
             ... on level 3 of the Dungeon.
             The game lasted 00:01:38 (1370 turns).

robertstho the Shield-Bearer (Gargoyle Fighter)     Turns: 1370, Time: 00:01:38

Health: -3/29      AC: 10    Str: 20    XL:     4   Next: 59%
Magic:  4/4        EV:  7    Int:  9    God:
Gold:   110        SH:  9    Dex:  9    Spells: 3/3 levels left

rFire    . . .     SeeInvis .   a - +1 war axe
rCold    . . .     Faith    .   c - +0 kite shield
rNeg     + . .     Spirit   .   b - +0 scale mail
rPois    ∞         Reflect  .   (no helmet)
rElec    +         Harm     .   (no cloak)
rCorr    .         Rampage  .   (no gloves)
MR       +....     Rnd*Tele +   (no boots)
Stlth    ..........             (no amulet)
HPRegen  0.09/turn              e - ring of teleportation (curse)
MPRegen  0.09/turn              n - ring of protection from magic

@: no status effects
A: negative energy resistance 1, electricity resistance, unbreathing,
petrification resistance, rot immunity, AC +3
a: no special abilities


You were on level 3 of the Dungeon.
You visited 1 branch of the dungeon, and saw 3 of its levels.

You collected 110 gold pieces.

Inventory:

Hand Weapons
 a - a +1 war axe (weapon)
Armour
 b - a +0 scale mail (worn)
 c - a +0 kite shield (worn)
Jewellery
 e - a cursed ring of teleportation (left hand)
 m - an uncursed ring of magical power
 n - a ring of protection from magic (right hand)
Scrolls
 f - a scroll of immolation {unknown}
 g - 2 scrolls of teleportation
 h - a scroll of amnesia {unknown}
 i - 3 scrolls of enchant weapon
 p - a scroll of identify
Potions
 d - a potion of might
 j - a potion of curing
 k - a potion of heal wounds {unknown}
 l - a potion of brilliance
 o - a potion of lignification


   Skills:
 * Level 3.9 Fighting
 + Level 2.3 Axes
 * Level 4.0 Armour
 + Level 0.4 Dodging
 + Level 0.7 Stealth
 + Level 4.0 Shields


You had 3 spell levels left.
You didn't know any spells.
Your spell library contained the following spells:

 Spells                   Type           Power        Failure   Level
 Corona                   Hex            #......      99%         1
 Ensorcelled Hibernation  Hex/Ice        #.....       100%        2
 Confusing Touch          Hex            #.......     100%        3
 Dazzling Flash           Conj/Hex       #.....       100%        3
 Tukima's Dance           Hex            #.......     100%        3


Dungeon Overview and Level Annotations

Branches:
Dungeon (3/15)

Altars:


Innate Abilities, Weirdness & Mutations

You are resistant to torment.
Your stone body is resilient. (AC +3)
You are immune to poison.
You resist negative energy. (rN+)
You are resistant to electric shocks. (rElec)
You can survive without breathing.
You are immune to petrification.
You are immune to rotting.


Message History

The orc wizard seems to speed up.
The orc hits you but does no damage.
You closely miss the orc wizard. You hit the orc. You closely miss the adder.
The orc wizard gestures at you while chanting.
The puff of flame hits you. The adder bites you but does no damage.
The orc hits you with a +0 dagger. You block the orc wizard's attack.
The adder bites you but does no damage.
You slash the orc!
You kill the orc!
You miss the adder. You closely miss the orc wizard.
The adder barely misses you.
The orc wizard hits you but does no damage.
You block the adder's attack.
The orc wizard points at you and mumbles some strange words.
The puff of flame hits you!
You are too injured to fight recklessly!
The orc priest casts a cantrip, but nothing happens.
The orc wizard miscasts a cantrip.
The orc priest calls down the wrath of Beogh upon you.
Beogh smites you!
You die...

###.### #.#
#>!...#...o. #..w..#
#.o)..# #.#o#####.
############.o....$...
#...........@S........
#..........##...#####.
#.###########...# #.#
#...# #.# ...... #.# #
#...### #.# .# #...#
#.# ... .... #.# ....


You could see an orc priest, an orc wizard (fast), an adder and 2 orcs.

Vanquished Creatures
  3 adders
  A dart slug (D:2)
  2 leopard geckos (D:1)
  3 orcs (D:3)
  5 bats
  5 giant cockroaches
  7 goblins
  6 hobgoblins
  A quokka (D:2)
  A ball python (D:2)
  2 frilled lizards (D:1)
  10 kobolds
  9 rats
55 creatures vanquished.

Notes
Turn   | Place    | Note
-------+----------+-------------------------------------------
     0 | D:1      | robertstho the Gargoyle Fighter began the quest for the
                  | Orb.
     0 | D:1      | Reached XP level 1. HP: 14/14 MP: 1/1
     6 | D:1      | Noticed a hound
     6 | D:1      | Noticed a black bear
     6 | D:1      | Noticed a black mamba
     7 | D:1      | Noticed a four-headed hydra
   100 | D:1      | Reached XP level 2. HP: 19/19 MP: 2/2
   452 | D:1      | Reached XP level 3. HP: 23/23 MP: 3/3
  1036 | D:2      | Reached XP level 4. HP: 23/28 MP: 4/4
  1370 | D:3      | Killed from afar by an orc priest

Illustrated notes

Levels and vault maps discovered:
D:1:      onia_arrival_zoo_common, layout_basic
D:2:      layout_rooms
D:3:      layout_loops_ring, wander_ebering_terrifying_dragon_lair

Skill      XL: |  1  2  3  4 |
---------------+-------------+-----
Axes           | 2 |  2.3
Shields        | 4 |  4.0
Armour         | 4 |  4.0
Fighting       | |  3.9
Dodging        | |  0.4
Stealth        | |  0.7

Action                   |  1- 3 |  4- 6 || total
-------------------------+-------+-------++-------
Melee: War axe           |   124 |    30 ||   154
  Use: Scroll            |       |     5 ||     5
Armor: Scale mail        |    70 |    24 ||    94
Dodge: Dodged            |    41 |    11 ||    52
Block: Kite shield       |    84 |    22 ||   106

Table legend: (Time is in decaauts)
 A = Elapsed time spent in this place.
 B = Non-inter-level travel time spent in this place.
 C = Inter-level travel time spent in this place.
 D = Time resting spent in this place.
 E = Time spent auto-exploring this place.
 F = Levels seen in this place.
 G = Mean time per level.
                   A        B        C        D        E       F      G
               +--------+--------+--------+--------+--------+-----+--------+
         Total |   1442 |   1418 |     24 |      0 |   1061 |   3 |  480.7 |
       Dungeon |   1442 |   1418 |     24 |      0 |   1061 |   3 |  480.7 |
               +--------+--------+--------+--------+--------+-----+--------+

Top non-repeatable levels by time:
     D:1: 728 daAuts
     D:2: 636 daAuts
     D:3: 77 daAuts
